 Dungeon Crawl Stone Soup version 0.29.1-15-g9cfb28693d (webtiles) character file.

Game seed: 14750474636305138124

217 hawla the Firebug (level 6, -3/44 (50) HPs)
             Began as a Meteoran Fire Elementalist on Mar 15, 2023.
             Slain by a water moccasin (6 damage)
             ... on level 6 of the Dungeon.
             The game lasted 00:02:29 (391 turns).

hawla the Firebug (Meteoran Fire Elementalist)       Turns: 391, Time: 00:02:31

HP:   -3/44 (50)    AC:  2    Str:  9    XL:     6   Next: 40%
MP:   5/14          EV: 14    Int: 18    God:
Gold: 39            SH:  0    Dex: 16    Spells: 11/14 levels left

rFire   . . .      SeeInvis .   e - +2 short sword (venom)
rCold   . . .      Faith    .   (no shield)
rNeg    . . .      Spirit   .   a - +0 robe
rPois   .          Reflect  .   (no helmet)
rElec   .          Harm     .   (no cloak)
rCorr   .          Rampage  .   (no gloves)
Will    .....                   (no boots)
Stlth   +.........              (no amulet)
HPRegen 0.14/turn               (no ring)
MPRegen 0.14/turn               (no ring)

@: lethally poisoned (-3 -> -14), attractive, very slightly contaminated,
glowing, heavily drained
A: sense surroundings 1, otherworldly, glowing, explore regen
a: no special abilities


You were on level 6 of the Dungeon.
You visited 1 branch of the dungeon, and saw 5 of its levels.

You collected 39 gold pieces.

Inventory:

Hand Weapons
 c - a +0 rapier
 d - a +0 long sword
 e - a +2 short sword of venom (weapon)
Armour
 a - a +0 robe (worn)
Scrolls
 i - 2 scrolls of brand weapon {unknown}
Potions
 b - 2 potions of magic
 g - a potion of might {unknown}
 h - a potion of curing {unknown}


   Skills:
 + Level 2.7 Fighting
 + Level 2.9 Short Blades
 + Level 4.3 Dodging
 - Level 1.4 Stealth
 + Level 4.7 Spellcasting
 + Level 4.9 Conjurations
 + Level 5.8 Fire Magic


You had 11 spell levels left.
You knew the following spells:

 Your Spells              Type           Power      Damage    Failure   Level
a - Foxfire               Conj/Fire      92%        2x1d8     1%          1
b - Scorch                Fire           50%        2d8       1%          2

Your spell library contained the following spells:

 Spells                   Type           Power      Damage    Failure   Level
 Conjure Flame            Conj/Fire      23%        6-21      4%          3
 Inner Flame              Hex/Fire       14%        N/A       12%         3
 Flame Wave               Conj/Fire      23%        2d8       14%         4
 Confusing Touch          Hex            4%         N/A       38%         3
 Summon Guardian Golem    Hex/Summ       4%         N/A       38%         3
 Fulminant Prism          Conj/Hex       6%         3d7       43%         4


Dungeon Overview and Level Annotations

Branches:
Dungeon (6/15) Zot: 2611
 Temple: D:4-7

Altars:

Annotations:
D:4 Edmund


Innate Abilities, Weirdness & Mutations

You passively map a small area around you.
You are easily found by Zot.
You glow in the dark.
You regain HP and MP as you explore.


Message History

The necrophage is moderately damaged.
The water moccasin bites you. The necrophage hits you.
You feel drained.
Casting: Scorch (safe; 1% risk of failure)
Confirm with . or Enter, or press ? or * to list all spells.
Flames lash the necrophage.
The necrophage is burned terribly!
The necrophage is heavily damaged.
The water moccasin barely misses you. The necrophage barely misses you.
Unknown command.
You hit the water moccasin.
The water moccasin is heavily wounded.
The water moccasin is no longer more vulnerable to fire.
The water moccasin closely misses you. The water moccasin bites you.
You closely miss the water moccasin.
The water moccasin is heavily wounded.
The necrophage hits you.
You feel drained. The water moccasin closely misses you.
You hit the water moccasin.
The water moccasin is heavily wounded.
The water moccasin bites you. The necrophage hits you.
You feel drained.
Casting: Scorch (safe; 1% risk of failure)
Confirm with . or Enter, or press ? or * to list all spells.
You conjure some foxfire!
The water moccasin bites you. The necrophage misses you.
The water moccasin bites you.
* * * LOW HITPOINT WARNING * * *
You are lethally poisoned!
The water moccasin poisons you!
It was a potion of attraction.
You feel attractive to monsters.
* * * LOW HITPOINT WARNING * * *
You feel very sick.
The necrophage is no longer more vulnerable to fire.
The foxfire hits the necrophage.
The necrophage is heavily damaged.
The foxfire hits the necrophage.
The necrophage is severely damaged.
A white imp comes into view.
The necrophage hits you!
* * * LOW HITPOINT WARNING * * *
The water moccasin bites you.
You die...

* #....# , #######....#
#..........# , *
#..........# ,
###..........#
............# *
#5#.#.#.#.#.#..#
#....n@.......# ### *
#.#.#..S#.#.#..# #.. ,
,..............# #..
..#.#.....#.#..# #.. , ,
.............########..
#[..#.......#.<.........
,
+.........^.............
#....#.#.#.#...........
* ..................


You could see a water moccasin, a necrophage and a white imp (wandering).

Vanquished Creatures
  An ice beast (D:6)
  Blork the orc (D:4)
  Natasha (D:4)
  An adder (D:3)
  A white imp (D:6)
  A dart slug (D:4)
  An orc (D:4)
  A bat (D:3)
  A giant cockroach (D:1)
  2 hobgoblins (D:3)
  A kobold (D:1)
12 creatures vanquished.

Vanquished Creatures (others)
  32 foxfires
32 creatures vanquished.

Grand Total: 44 creatures vanquished

Notes
Turn   | Place    | Note
-------+----------+-------------------------------------------
     0 | D:1      | hawla the Meteoran Fire Elementalist began the quest for
                  | the Orb.
     0 | D:1      | Reached XP level 1. HP: 14/14 MP: 5/5
    52 | D:2      | Reached skill level 5 in Fire Magic
    52 | D:2      | Reached XP level 2. HP: 25/25 MP: 6/8
    56 | D:2      | Learned a level 2 spell: Scorch
   203 | D:4      | Noticed Natasha
   211 | D:4      | Noticed a crimson imp
   212 | D:4      | Killed Natasha
   213 | D:4      | Reached XP level 3. HP: 17/30 MP: 7/9
   228 | D:4      | Noticed Blork the orc
   234 | D:4      | Killed Blork the orc
   235 | D:4      | Reached XP level 4. HP: 33/37 MP: 2/11
   235 | D:4      | Reached XP level 5. HP: 37/42 MP: 2/12
   235 | D:4      | Noticed Edmund
   236 | D:4      | Noticed a phantom
   267 | D:3      | You fall into a shaft and drop 3 floors!
   293 | D:6      | Got Ecour's Meditations on Hexing
   307 | D:6      | Noticed an ice beast
   311 | D:6      | Killed an ice beast
   312 | D:6      | Reached XP level 6. HP: 50/50 MP: 7/14
   379 | D:6      | Noticed a water moccasin
   391 | D:6      | Slain by a water moccasin

Illustrated notes

Levels and vault maps discovered:
D:1:      sevenhm_arrival_forest_fort_small_6, layout_basic,
          columned_hall_lemuel
D:2:      layout_loops_corners, minmay_fractal_squares_5, uniq_jessica
D:3:      layout_basic, amcnicky_altar_gilded,
          dreamdust_ecumenical_altar_angels_and_demons
D:4:      layout_basic, overflow_temple_1_default, uniq_duvessa, uniq_sigmund,
          uniq_edmund, uniq_natasha, uniq_blork_the_orc
D:6:      layout_gridville, minitemple, minmay_temple_entry_proselytizer,
          hangedman_decor_riveting, minmay_misc_feat_tower,
          minmay_misc_feat_square, minmay_unpleasant_kobolds

Skill      XL: |  1 |
---------------+----+-----
Fighting       | 2 |  2.7
Short Blades   | 2 |  2.9
Dodging        | 4 |  4.3
Spellcasting   | 4 |  4.7
Conjurations   | 4 |  4.9
Fire Magic     | 5 |  5.8
Stealth        | |  1.4

Action                   |  1- 3 |  4- 6 || total
-------------------------+-------+-------++-------
Melee: Short sword       |     5 |     3 ||     8
 Cast: Foxfire           |    10 |     9 ||    19
       Scorch            |     3 |     7 ||    10
  Use: Potion            |     1 |     1 ||     2
       Scroll            |     1 |       ||     1
Armor: Robe              |     2 |     1 ||     3
Dodge: Dodged            |     1 |    10 ||    11
